 Dungeon Crawl Stone Soup version 0.31.0-12-g77e489cdc1 (webtiles) character file.

Game seed: 14367598465627421754

2508 KiwiPetal the Conjurer (level 9, -5/39 HPs)
             Began as a Felid Conjurer on Feb 17, 2024.
             Was a Follower of Sif Muna.
             Slain by a two-headed ogre
             ... wielding a +0 giant club
              (19 damage)
             ... on level 9 of the Dungeon.
             The game lasted 00:57:02 (8715 turns).

KiwiPetal the Conjurer (Felid Conjurer)             Turns: 8715, Time: 00:57:03

Health: -5/39      AC:  2    Str:  3    XL:     9   Next: 28%
Magic:  3/20       EV: 20    Int: 26    God:    Sif Muna [*.....]
Gold:   418        SH:  0    Dex: 15    Spells: 4/21 levels left
                                        Lives:  0   Deaths: 3

rFire   . . .        (weapon unavailable)
rCold   . . .        (shield unavailable)
rNeg    . . .        (body armour unavailable)
rPois   .            (helmet unavailable)
rElec   .            (cloak unavailable)
rCorr   .            (gloves unavailable)
SInv    +            (boots unavailable)
Will    +....        (no amulet)
Stlth   ++++         (no ring)
HPRegen 0.26/turn    (no ring)
MPRegen 0.17/turn

%: no passive effects
@: no status effects
A: very small, claws 1, fangs 3, see invisible, shaggy fur 2, stealthy paws, no
weapons or thrown items, no armour, multi-lived
a: Renounce Religion, Channel Magic


You were on level 9 of the Dungeon.
You worshipped Sif Muna.
Sif Muna was aware of your devotion.
You visited 2 branches of the dungeon, and saw 10 of its levels.

You collected 418 gold pieces.

Inventory:

Hand Weapons
 d - a +0 rapier
 i - a +0 short sword
 l - a +0 short sword
 n - a +0 spear
 p - a +0 sling
 s - a +0 scythe
 x - a +2 vampiric whip
 z - a +0 hand axe of venom
 L - a +0 flail
Armour
 c - a +0 helmet
 e - a +0 ring mail
 t - a +2 robe of positive energy
 w - a scarf of invisibility
 K - a +1 barding
 M - a +0 pair of boots
Magical Staves
 y - a staff of cold
 B - a staff of air
Jewellery
 C - a ring of magical power
 J - a ring of poison resistance
Wands
 j - a wand of quicksilver (5)
 q - a wand of flame (12)
 r - a wand of polymorph (9)
Scrolls
 a - 2 scrolls of blinking {unknown}
 b - a scroll of enchant weapon {unknown}
 f - a scroll of revelation {unknown}
 g - 2 scrolls of noise
 k - a scroll of vulnerability {unknown}
 m - 2 scrolls of fear
 v - a scroll of silence {unknown}
 E - a scroll of torment {unknown}
 F - 2 scrolls of amnesia
 I - 4 scrolls of teleportation
Potions
 h - a potion of haste
 o - 2 potions of berserk rage
 u - 2 potions of curing {unknown}
 A - a potion of might {unknown}
 D - 2 potions of heal wounds {unknown}
 G - a potion of degeneration {unknown}
 H - 2 potions of lignification


   Skills:
 + Level 7.1 Dodging
 + Level 7.5 Stealth
 * Level 6.8 Spellcasting
 * Level 7.5 Conjurations
 + Level 1.3 Summonings
 + Level 1.2 Invocations


You had 4 spell levels left.
You knew the following spells:

 Your Spells              Type           Power      Damage    Failure   Level
a - Magic Dart            Conj           100%       1d8       1%          1
b - Searing Ray           Conj           96%        2d7       1%          2
c - Call Imp              Summ           30%        N/A       5%          2
d - Iskenderun's Mystic   Conj/Tloc      28%        2d7       13%         4
e - Fulminant Prism       Conj/Alch      14%        3d8       13%         4
f - Summon Lightning Spi  Summ/Air       12%        N/A       43%         4

Your spell library contained the following spells:

 Spells                   Type           Power      Damage    Failure   Level
 Static Discharge         Conj/Air       56%        3-6/arc   1%          2
 Cigotuvi's Dreadful Rot  Necr/Alch/Air  16%        N/A       10%         2
 Sublimation of Blood     Necr           8%         N/A       10%         2
 Martyr's Knell           Necr/Summ      12%        N/A       43%         4
 Airstrike                Air            4%         2d(1-17)  54%         4
 Dispel Undead            Necr           8%         3d8       54%         4
 Petrify                  Alch/Erth      8%         N/A       54%         4
 Irradiate                Conj/Alch      14%        3d16      36%         5
 Death Channel            Necr           4%         N/A       100%        6
 Summon Hydra             Summ           7%         N/A       100%        7


Dungeon Overview and Level Annotations

Branches:
Dungeon (9/15)             Temple (1/1) D:6
   Lair: D:8-11         Orc: D:9-12

Altars:
Ashenzari
Cheibriados
Dithmenos
Elyvilon
Gozag
Hepliaklqana
Kikubaaqudgha
Makhleb
Nemelex Xobeh
Okawaru
Qazlal
Ru
Sif Muna
Uskayaw
Vehumet
Wu Jian
Xom
Yredelemnul
Zin
The Shining One


Innate Abilities, Weirdness & Mutations

You have sharp claws.
You have razor-sharp teeth.
You have supernaturally acute eyesight. (SInv)
You are covered in thick fur. (AC +2)
Your paws help you pounce on unaware monsters.
You are incapable of wielding weapons or throwing items.
You cannot wear armour.
You gain extra lives every three experience levels.


Message History

Confirm with . or Enter, or press ? or * to list all spells.
You can't see any susceptible monsters within range! (Use Z to cast anyway.) Unknown command.
Your lightning spire shoots out a bolt of lightning at the two-headed ogre!
The bolt of electricity hits the two-headed ogre!
Your lightning spire shoots out a bolt of lightning at the two-headed ogre!
The bolt of electricity hits the two-headed ogre!
The two-headed ogre hits your lightning spire with a +0 giant club!!
Your lightning spire is destroyed!
Your lightning spire disappears in a puff of smoke!
The two-headed ogre shouts in stereo!
Casting: Fulminant Prism (quite dangerous; 13% risk of failure)
Confirm with . or Enter, or press ? or * to list all spells.
A tiny devil pulls itself out of the air.
Casting: Call Imp (safe; 5% risk of failure)
Confirm with . or Enter, or press ? or * to list all spells.
Aiming: Searing Ray (safe; 1% risk of failure)
Press: ? - help, Shift-Dir - straight line The searing ray hits the two-headed ogre.
The two-headed ogre is severely wounded. (Press . to maintain the ray.)
Your cerulean imp barely misses the two-headed ogre.
Your magical contamination has completely faded away.
The searing ray hits the two-headed ogre.
The two-headed ogre is almost dead.
The two-headed ogre hits you with a +0 giant club!!
Ouch! That really hurt!
The two-headed ogre closely misses you.
Your cerulean imp hits the two-headed ogre with a -3 spear.
Casting: Searing Ray (safe; 1% risk of failure)
Confirm with . or Enter, or press ? or * to list all spells.
Aiming: Searing Ray (safe; 1% risk of failure)
Press: ? - help, Shift-Dir - straight line, f - two-headed ogre
Aim: a two-headed ogre, wielding two +0 giant clubs (almost dead, ally target, 92% to hit)
The searing ray hits the two-headed ogre.
The two-headed ogre is almost dead. (Press . to maintain the ray.)
Your cerulean imp hits the two-headed ogre from afar with a -3 spear.
The two-headed ogre hits you with a +0 giant club!!
You die...

## #####.### .##.......
.#...... ...... #.... #.5.
#.## #.O# ##@##### #.....#
#######'######
############............#
###.......††.'............+
....##########............#
##### #............#
#............#
##############


You could see a two-headed ogre (ally target) and a friendly cerulean imp
(summoned).

Vanquished Creatures
  Sigmund (D:2)
  A wraith (D:6)
  A wyvern (D:8)
  2 water moccasins (D:7)
  A sky beast (D:6)
  A black bear (D:6)
  2 ogres
  2 centaurs (D:8)
  2 phantoms
  A bullfrog (D:9)
  A gnoll sergeant (D:7)
  2 scorpions
  5 killer bees (D:9)
  A bombardier beetle (D:5)
  3 hounds
  A gnoll bouda (D:6)
  4 orc priests
  An orc wizard (D:7)
  A sleepcap (D:7)
  Robin (D:2)
  6 gnolls
  12 adders
  2 shadow imps (D:6)
  A white imp (D:6)
  3 ribbon worms
  3 dart slugs (D:1)
  14 orcs
  11 ball pythons
  2 endoplasms
  6 giant cockroaches
  11 goblins
  11 hobgoblins
  5 jackals (D:1)
  4 bats
  2 frilled lizards
  2 kobolds (D:1)
  5 rats
134 creatures vanquished.

Vanquished Creatures (collateral kills)
  A black bear (D:8)
  A gnoll (D:7)
2 creatures vanquished.

Vanquished Creatures (others)
  2 fulminant prisms
2 creatures vanquished.

Grand Total: 138 creatures vanquished

Notes
Turn   | Place    | Note
-------+----------+-------------------------------------------
     0 | D:1      | KiwiPetal the Felid Conjurer began the quest for the Orb.
     0 | D:1      | Reached XP level 1. HP: 9/9 MP: 4/4
   510 | D:1      | Reached XP level 2. HP: 7/13 MP: 0/6
  1205 | D:1      | Reached XP level 3. HP: 16/16 MP: 4/7
  1380 | D:1      | Learned a level 2 spell: Searing Ray
  1574 | D:2      | Noticed Robin
  2176 | D:2      | Killed Robin
  2177 | D:2      | Reached XP level 4. HP: 21/21 MP: 3/9
  2177 | D:2      | Gained a life (2 lives remaining)
  2354 | D:2      | Noticed Sigmund
  2364 | D:2      | Killed Sigmund
  2365 | D:2      | Reached XP level 5. HP: 11/24 MP: 0/11
  2806 | D:3      | Learned a level 2 spell: Call Imp
  2826 | D:3      | Killed from afar by an orc priest
  2826 | D:3      | Lost a life (1 life remaining)
  2860 | D:3      | Gained mutation: You are covered in thick fur. (AC +2)
                  | [Felid growth]
  2860 | D:3      | Reached XP level 6. HP: 28/28 MP: 7/12
  2950 | D:3      | Found an ornate altar of the Wu Jian Council.
  3152 | D:3      | Found a basalt altar of Yredelemnul.
  3324 | D:3      | Reached skill level 5 in Conjurations
  4114 | D:4      | Reached XP level 7. HP: 32/32 MP: 9/14
  4114 | D:4      | Gained a life (2 lives remaining)
  4265 | D:4      | Reached skill level 5 in Stealth
  4508 | D:4      | Reached skill level 5 in Dodging
  4833 | D:4      | Found a shadowy altar of Dithmenos.
  4874 | D:5      | Entered Level 5 of the Dungeon
  5513 | D:5      | Reached skill level 5 in Spellcasting
  6245 | D:6      | Noticed a wraith
  6258 | D:6      | Mangled by a wraith
  6258 | D:6      | Lost a life (1 life remaining)
  6263 | D:6      | Found a staircase to the Ecumenical Temple.
  6298 | D:6      | Killed a wraith
  6299 | D:6      | Reached XP level 8. HP: 19/36 MP: 14/17
  6417 | Temple   | Entered the Ecumenical Temple
  6444 | Temple   | Became a worshipper of Sif Muna the Loreminder
  7299 | D:7      | Learned a level 4 spell: Iskenderun's Mystic Blast
  7304 | D:7      | Learned a level 4 spell: Fulminant Prism
  7667 | D:7      | Noticed a hornet
  7734 | D:8      | Learned a level 4 spell: Summon Lightning Spire
  7754 | D:8      | Reached XP level 9. HP: 38/39 MP: 13/19
  8071 | D:8      | Engulfed by a steam dragon's steam
  8071 | D:8      | Lost a life (0 lives remaining)
  8599 | D:9      | Reached * piety under Sif Muna
  8600 | D:9      | Reached skill level 1 in Summonings
  8600 | D:9      | Reached skill level 1 in Invocations
  8702 | D:9      | Noticed a two-headed ogre
  8715 | D:9      | Slain by a two-headed ogre

Illustrated notes

Levels and vault maps discovered:
D:1:      heliophobic_arrival_battle_scene, layout_basic
D:2:      layout_basic, uniq_sigmund, uniq_robin
D:3:      layout_loops_ring, lemuel_tele_altar, overflow_temple_1_default
D:4:      layout_basic, kennysheep_little_box, minmay_snake_closets, uniq_pikel
D:5:      layout_loops_corners, corexii_item_surrounded_by_moat
D:6:      layout_loops_ring, minmay_temple_entry_butterflies,
          hangedman_decor_slide_cut
D:7:      layout_basic, fedhas_altar_fruit_tree,
          minmay_fractal_squares_gapless_5
D:8:      layout_basic, hangedman_abyss_or_decor_clamps
D:9:      layout_roguey, orc_0_dummy, chequers_serial_rivers_micro_d
Temple:   sentei_temple_godly_chess

Skill      XL: |  1  2  3  4  5  6  7  8  9 |
---------------+----------------------------+-----
Dodging        | 3 4 5 6 7 |  7.1
Stealth        | 3 4 5 7 |  7.5
Conjurations   | 4 5 6 7 |  7.5
Spellcasting   | 3 4 5 6 |  6.8
Summonings     | 1 |  1.3
Invocations    | 1 |  1.2

Action                     |  1- 3 |  4- 6 |  7- 9 || total
---------------------------+-------+-------+-------++-------
  Melee: Unarmed           |     5 |       |     1 ||     6
         Bite              |     1 |       |       ||     1
   Cast: Magic Dart        |    90 |    70 |    83 ||   243
         Searing Ray       |     2 |     6 |    40 ||    48
         Call Imp          |       |     1 |    11 ||    12
         Summon Lightning  |       |       |     2 ||     2
         Fulminant Prism   |       |       |     2 ||     2
  Evoke: Wand              |       |       |     1 ||     1
    Use: Scroll            |       |       |     8 ||     8
         Potion            |       |       |     4 ||     4
 Armour: Skin              |    14 |    12 |    51 ||    77
  Dodge: Dodged            |    30 |    32 |   101 ||   163
